← All builds
Tech / Armada / Economy first / OBSERVED BUILD

Standard tech

Armada Tech (Eco) build order · Supreme Isthmus

Rushes T2 factory and T2 constructor early, upgrades team mexes, and supplies the team with T2 constructors while transitioning into eco and defensive units.

Usually first T2 con to Geo (82%)

#t2 #eco #team support · 1786 distinct matches · 271 players · 59% of Armada Tech games · team won 54% of 2112 · Recently observed

HOW TO PLAY IT

Key timing: T2 factory by 4:15

  1. Open 3 mex and heavy wind to fund a fast T2 rush.
  2. Put down Bot Lab, planning to eat it for reclaim soon after.
  3. Get Advanced Bot Lab up, hitting the T2 factory rush timing.
  4. Upgrade mex to Advanced Metal Extractor to lock in team metal income.
  5. Eat Advanced Bot Lab and keep sending cons to Geo and Pond.

Phase by phase

TYPICAL OF ITS 1786 GAMES
  1. 1
  2. 2
  3. 3
  4. 4
PLAY THE OPENING

Follow the example game's first 6:00 step by step: what to build now, what comes next, and where it goes. At 1× it keeps pace with your own game.

  1. 1

    Up to the Bot Lab

    Economy
    • Metal Extractor3Mex
    • Wind Turbine4Wind
    Order
    1. Bot LabBot Lab after 3 mex, 4 winddone ~1:18, middle half 1:13–1:32

    Some games also: energy storage (32%)

    By 1:01 in all: 3 mex · 4 wind

    The example game in this phase · 3 steps
    1. Mex ×3
    2. Wind ×3
    3. Bot LabBot Labdone 1:10 · typical 1:18
  2. 2

    Bot Lab to Advanced Bot Lab

    Economy
    • Metal Extractor1Mex
    • Wind Turbine8Wind
    • Energy Storage1Energy storage
    Order
    1. Advanced Bot LabAdvanced Bot Lab after 4 mex, 12 wind, 3 con turretdone ~4:16, middle half 4:04–4:30
    Builders
    • Construction Turret3 Con turret
    • Lazarus3 Lazarus
    • Construction Bot2 Con bot
    • Construction Bot1 Con bot for allies

    Some games also: converter (36%)

    By 3:18 in all: 4 mex · 12 wind · 1 energy storage · 3 con turret

    The example game in this phase · 12 steps
    1. Wind
    2. LazarusLazarus
    3. Wind ×4
    4. LazarusLazarus ×2
    5. Construction BotCon bot
    6. Construction BotCon botfor Air
    7. Construction BotCon bot ×2
    8. Con turret
    9. Mex
    10. Con turret
    11. Energy storage
    12. Advanced Bot LabAdvanced Bot Labdone 4:01 · typical 4:16
  3. 3

    Advanced Bot Lab to 5:00

    Economy
    • Wind Turbine3Wind
    Order
    1. Bot LabEat Bot Lab
    Builders
    • Advanced Construction Bot1 T2 con bot for allies

    Some games also: converter (35%)

    By 5:00 in all: 4 mex · 15 wind · 1 converter · 1 energy storage · 3 con turret

    The example game in this phase · 3 steps
    1. Bot LabEat Bot Labreclaimed for its metal
    2. Advanced Construction BotT2 con botfor Geo
    3. Advanced Metal ExtractorT2 mex ×2done 4:40 · typical 5:28
  4. 4

    5:00 to 10:00

    Economy
    • Wind Turbine43Wind
    • Energy Converter6Converter
    Builders
    • Butler9 Butler
    • Advanced Construction Bot4 T2 con bot for allies
    • Advanced Construction Bot1 T2 con bot

    Some games also: con turret (42%) · Butler for allies (36%)

    By 10:00 in all: 4 mex · 59 wind · 8 converter · 1 energy storage · 3 con turret

    The example game in this phase · 266 steps
    1. Advanced Construction BotT2 con botfor Pond
    2. Advanced Metal ExtractorT2 mex
    3. Advanced Construction BotT2 con botfor Air
    4. ButlerButler ×3
    5. Advanced Metal ExtractorT2 mex
    6. Advanced Construction BotT2 con botfor Beach sea
    7. ButlerButler ×2
    8. Wind ×2
    9. ButlerButler
    10. Wind ×2
    11. Advanced Construction BotT2 con botfor Geo sea
    12. Wind ×8
    13. ButlerButler
    14. Wind ×2
    15. ButlerButler
    16. Wind ×2
    17. ButlerButler
    18. Wind ×3
    19. ButlerButler
    20. Wind ×3
    21. ButlerButler
    22. Wind
    23. Converter
    24. Wind
    25. ButlerButler
    26. Wind ×3
    27. ButlerButler
    28. Converter
    29. Wind ×3
    30. ButlerButler
    31. Converter
    32. Wind ×3
    33. ButlerButler
    34. Wind ×3
    35. Converter
    36. Wind ×2
    37. ButlerButler
    38. Wind ×3
    39. ButlerButler
    40. Converter
    41. Wind ×5
    42. ButlerButler
    43. Wind ×2
    44. Converter
    45. Wind ×2
    46. ButlerButler
    47. Wind ×4
    48. Converter
    49. Wind
    50. ButlerButler
    51. Wind ×5
    52. Converter
    53. ButlerButler
    54. Wind ×5
    55. Converter
    56. ButlerButler
    57. Wind ×3
    58. Converter
    59. Wind ×3
    60. ButlerButler
    61. Wind ×2
    62. Converter
    63. Wind ×3
    64. Converter
    65. Wind
    66. ButlerButler
    67. Wind
    68. Converter
    69. Wind ×3
    70. Converter
    71. Wind
    72. ButlerButler
    73. Converter
    74. Wind ×2
    75. Converter
    76. Wind ×3
    77. Converter
    78. ButlerButler
    79. Wind
    80. Converter
    81. Wind ×2
    82. Converter
    83. Wind
    84. ButlerButler
    85. Wind ×2
    86. Converter
    87. Wind ×3
    88. Converter
    89. Wind
    90. Converter
    91. Wind ×2
    92. ButlerButler
    93. Wind ×4
    94. Converter ×2
    95. Wind ×3
    96. Converter
    97. ButlerButler
    98. Converter
    99. Wind ×6
    100. Converter
    101. Radar TowerRadar Tower
    102. Converter
    103. Wind ×3
    104. Converter
    105. ButlerButler
    106. Wind
    107. Converter
    108. Wind ×5
    109. Converter ×2
    110. Wind ×4
    111. ButlerButler
    112. Wind
    113. Converter ×2
    114. Wind ×4
    115. Converter
    116. Wind
    117. Converter
    118. ButlerButler
    119. Wind ×5
    120. Converter ×2
    121. Wind
    122. Converter
    123. Wind ×3
    124. ButlerButler
    125. Wind ×2
    126. Converter
    127. Wind
    128. Converter ×2
    129. Wind ×3
    130. ButlerButler
    131. Wind
    132. Converter
    133. Wind ×2
    134. Converter
    135. Wind ×2
    136. Converter
    137. Wind
    138. ButlerButler
    139. Wind ×3
    140. Converter ×2
    141. Wind ×4
    142. Converter
    143. ButlerButler
    144. Wind ×3
    145. Converter
    146. Wind
    147. Converter
    148. Wind ×6
    149. Converter
    150. Wind
    151. UmbrellaAnti-nukedone 12:40
    152. Wind ×2
    153. Converter ×2
    154. Wind ×7
    155. Converter
    156. Wind ×4
    157. Converter
    158. Wind ×2
    159. Converter
    160. Wind ×7
    161. Converter
    162. Wind
    163. Converter
    164. Wind
    165. Converter
    166. Wind ×5
    167. Converter ×2
    168. Wind ×5
    169. Converter
    170. Wind ×4
    171. Converter ×2
    172. Wind ×3
    173. Converter
    174. Wind ×6
    175. Converter ×2
    176. Wind
    177. Converter
    178. Wind ×5
    179. Converter ×2
    180. Wind
    181. Converter
    182. Wind ×6
    183. Converter ×2
    184. Wind ×2
    185. Advanced Construction BotT2 con bot
    186. Converter
    187. Wind ×6
    188. Converter
    189. Wind
    190. Converter
    191. Wind
    192. Converter
    193. Wind ×6
    194. Converter ×2
    195. Wind ×3
    196. Converter
    197. Wind ×6
    198. Converter
    199. Wind ×7
    200. Converter ×2
    201. Wind
    202. Fusion ReactorFusiondone 13:42
    203. Wind ×7
    204. Converter
    205. Wind ×6
    206. Converter
    207. Wind ×2
    208. Converter
    209. Wind ×4
    210. Converter
    211. Wind ×2
    212. Converter
    213. Wind ×7
    214. Advanced Bot LabEat Advanced Bot Labreclaimed for its metal
    215. Fusion ReactorFusion
    216. Wind
    217. Converter
    218. Wind
    219. Energy storage
    220. Wind
    221. Converter
    222. Wind ×3
    223. Converter
    224. Wind ×3
    225. Converter
    226. Wind ×2
    227. Converter
    228. Wind ×2
    229. Con turret
    230. Converter
    231. Wind ×2
    232. Con turret
    233. Wind
    234. Advanced Fusion ReactorAdvanced Fusion Reactornot finished by 15:00
    235. Con turret
    236. Converter
    237. Wind ×2
    238. Con turret
    239. Converter
    240. Metal storage
    241. Wind ×2
    242. Converter
    243. Con turret
    244. Wind ×2
    245. Converter ×2
    246. Con turret
    247. Wind ×2
    248. Con turret
    249. Converter ×2
    250. Wind ×2
    251. Con turret
    252. Wind ×2
    253. Converter ×2
    254. Wind ×2
    255. Converter
    256. Wind
    257. Converter
    258. Wind ×4
    259. Converter ×2
    260. Wind ×7
    261. Converter
    262. Wind ×4
    263. Converter
    264. Wind ×2
    265. Converter
    266. Wind ×3

Counts are medians over the build's games: half of them build more, half fewer. The example game is DonGarillo's (32 OS, 15/10/2026); pick another.

Team trades

IN AT LEAST 30% OF ITS GAMES

You hand over

  • Construction Bot1 Con bot to Airfirst at 2:23 · in 83% of games
  • Advanced Construction Bot5 T2 con bot to Air or Geo sea or Pondfirst at 4:51 · in 99% of games
  • Butler2 Butler to Geo sea or Beach sea or Pondfirst at 9:06 · in 42% of games

You get

  • Hercules1 Light transport from Airfirst at 4:01 · in 86% of games

How it plays out

Typical game of this build, running totals by minute

Metal produced

020k40k
0:005:0010:0015:00

metal

Enemy metal destroyed

050100
0:005:0010:0015:00

metal

Own metal lost

050100150
0:005:0010:0015:00

metal

2112 games.

Show as table
ByMetal produced: This buildEnemy metal destroyed: This buildOwn metal lost: This build
1:0038300
2:0091500
3:00165500
4:00314900
5:00484700
6:00580500
7:00724600
8:00908400
9:001121400
10:001354100
11:001625700
12:001967800
13:002346100
14:0027368074
15:003160391130
WHAT THE NUMBERS SAY

Standard Tech play barely fights at all early, instead pouring metal into T2 infrastructure and constructors for the team.

  • + Metal produced hits 31679 by 15:00, by far the highest of any role here.
  • + T2 factory reached in 97% of games by 4:15, fastest and most reliable T2 timing.
  • − Enemy metal destroyed stays at 0 through 10:00, no early offense at all.
  • − Own metal lost also near 0, showing total avoidance of combat risk.
THE EXAMPLE YOU ARE READING

DonGarillo

31.5 OS · 15/10/2026

Open source match ↗

2 received units
1743 metal received · 124900 energy received

Allied construction assistance is unknown. Timings are observations, not a promise of solo reproducibility.

Typical milestones

Bot Lab1:18Middle 50%: 1:13–1:32 · n=2112
Advanced Bot Lab4:16Middle 50%: 4:04–4:30 · n=2105
Advanced Metal Extractor5:28Middle 50%: 5:05–5:58 · n=2108

Played most by

Amrissa97games of this buildTheGeneraI70games of this buildAdeus62games of this buildUncle_Cane60games of this buildCrouxy54games of this build